 Dungeon Crawl Stone Soup version 0.25.1-1-g288607f5aa (webtiles) character file.

Game seed: 17113837983933195548

156 Elvor the Bolt Thrower (level 5, -1/46 HPs)
             Began as a Minotaur Hunter on July 20, 2020.
             Slain by Sigmund
             ... wielding a +0 scythe
              (14 damage)
             ... on level 3 of the Dungeon.
             The game lasted 00:22:49 (2678 turns).

Elvor the Bolt Thrower (Minotaur Hunter)            Turns: 2678, Time: 00:22:50

Health: -1/46      AC:  3    Str: 18    XL:     5   Next: 15%
Magic:  4/4        EV: 12    Int:  8    God:
Gold:   140        SH:  0    Dex: 10    Spells: 4/4 levels left

rFire    . . .     SeeInvis .   b - +0 short sword
rCold    + + .     Gourm    .   (no shield)
rNeg     . . .     Faith    .   c - +0 leather armour
rPois    .         Spirit   .   (helmet restricted)
rElec    .         Reflect  .   m - scarf {rC+ rF+}
rCorr    .         Harm     .   (no gloves)
MR       .....                  (no boots)
Stlth    +.........             l - amulet of magic regeneration
HPRegen  0.15/turn              q - ring of ice
MPRegen  0.34/turn              (no ring)

@: no status effects
A: retaliatory headbutt, horns 2
a: no special abilities


You were on level 3 of the Dungeon.
You were not hungry.

You visited 1 branch of the dungeon, and saw 3 of its levels.

You collected 140 gold pieces.

Inventory:

Hand Weapons
 a - a +1 hand crossbow
 b - a +0 short sword (weapon)
Missiles
 d - 15 bolts
Armour
 c - a +0 leather armour (worn)
 i - a +0 chain mail
 m - a scarf of resistance (worn)
Jewellery
 l - an amulet of magic regeneration (around neck)
 q - a ring of ice (left hand)
Scrolls
 j - 4 scrolls of identify {unknown}
 p - 2 scrolls of enchant weapon {unknown}
 t - a scroll of remove curse {unknown}
 u - 2 scrolls of amnesia {unknown}
Potions
 e - a potion of magic {unknown}
 g - a potion of cancellation {unknown}
 h - a potion of flight {unknown}
 k - 2 potions of might {unknown}
 n - a potion of mutation {unknown}
 o - 3 potions of curing {unknown}
 r - a potion of haste {unknown}
 v - a potion of stabbing {unknown}
 w - a potion of lignification {unknown}
 x - a potion of heal wounds {unknown}
Comestibles
 f - 9 rations
 s - 4 chunks of flesh


   Skills:
 * Level 3.7 Fighting
 + Level 0.1 Short Blades
 + Level 6.0 Crossbows
 + Level 2.0 Armour
 + Level 2.5 Dodging
 + Level 0.8 Stealth


You had 4 spell levels left.
You didn't know any spells.
Your spell library was empty.

Dungeon Overview and Level Annotations

Branches:
Dungeon (3/15)

Altars:

Annotations:
D:3 Sigmund


Innate Abilities, Weirdness & Mutations

You reflexively headbutt those who attack you in melee.
You have a pair of horns on your head.


Message History

Sigmund is almost dead.
Sigmund flickers, as though insubstantial.
Sigmund casts a spell.
Sigmund flickers and vanishes!
Deactivating autopickup; reactivate with Ctrl-A.
b - a +0 short sword (weapon)
Something hits you!
You closely miss something.
You hear some strange, mumbled words.
Something tries to affect you, but you resist.
You hit something but do no damage. Your headbutt misses something.
Something hits you!
You hit something but do no damage.
You hear some strange, mumbled words.
A magic dart appears from out of thin air!
The magic dart hits you.
You closely miss something. Something hits you.
* * * LOW HITPOINT WARNING * * *
You miss something. Something hits you!
You die...

....................######.......
...........................###...
..........(......(..######.# ####
....((..............# #.#
..........(.(.......# #.#
...................(# #.#
...>................# #.#
...............{....# #.#
..............@...######.#####
.................(##.........#
(.......[..........##.........#
...................##.........#
..................(##.........#
...................##.........##
...................##....†....##
...............[...##.........##
................(..######'######


There were no monsters in sight!

Vanquished Creatures
  2 orc wizards (D:3)
  3 adders
  2 dart slugs (D:1)
  2 leopard geckos (D:3)
  2 orcs (D:3)
  A ball python (D:1)
  2 giant cockroaches (D:2)
  9 goblins
  9 hobgoblins
  9 kobolds
  2 quokkas (D:3)
  7 bats
  5 frilled lizards
  11 rats
66 creatures vanquished.

Notes
Turn   | Place    | Note
-------+----------+-------------------------------------------
     0 | D:1      | Elvor the Minotaur Hunter began the quest for the Orb.
     0 | D:1      | Reached XP level 1. HP: 18/18 MP: 0/0
    75 | D:1      | Reached XP level 2. HP: 25/25 MP: 1/1
   358 | D:1      | Reached skill level 5 in Crossbows
   384 | D:1      | Reached XP level 3. HP: 31/31 MP: 2/2
  1917 | D:2      | Reached skill level 1 in Armour
  2128 | D:3      | Reached XP level 4. HP: 38/38 MP: 3/3
  2232 | D:3      | Noticed Sigmund
  2333 | D:3      | Reached skill level 6 in Crossbows
  2542 | D:3      | Reached XP level 5. HP: 46/46 MP: 4/4
  2678 | D:3      | Slain by Sigmund

Illustrated notes

Levels and vault maps discovered:
D:1:      dpeg_arrival_solitude, layout_basic, serial_forest,
          infiniplex_forest_lined_2, infiniplex_forest_straight_2,
          infiniplex_forest_end_1, infiniplex_forest_lined_2,
          infiniplex_forest_diagonal, infiniplex_forest_lined_3,
          infiniplex_forest_lined_ring, infiniplex_forest_clump_long,
          minmay_circled_x
D:2:      layout_basic, first_ration
D:3:      layout_basic, uniq_sigmund

Skill      XL: |  1  2  3  4  5 |
---------------+----------------+-----
Crossbows      | 5 6 |  6.0
Fighting       | 3 |  3.7
Armour         | 1 2 |  2.0
Short Blades   | |  0.1
Dodging        | |  2.5
Stealth        | |  0.8

Action                   |  1- 3 |  4- 6 || total
-------------------------+-------+-------++-------
Melee: Short sword       |    32 |    17 ||    49
       Headbutt          |    15 |     1 ||    16
 Fire: Hand crossbow     |   117 |    52 ||   169
  Eat: Ration            |     1 |       ||     1
       Chunk             |       |     2 ||     2
Armor: Leather armour    |    13 |     2 ||    15
Dodge: Dodged            |    36 |    22 ||    58
